 Dungeon Crawl Stone Soup version 0.28-a0-439-g4cf4cd4993 (webtiles) character file.

Game seed: 14640785572529849064

98 djcjnce the Digger (level 4, -2/24 HPs)
             Began as a Gargoyle Earth Elementalist on Sept 11, 2021.
             Killed by nerve-wracking pain
             ... invoked by Menkaure
              (4 damage)
             ... on level 4 of the Dungeon.
             The game lasted 00:04:28 (2220 turns).

djcjnce the Digger (Gargoyle Earth Elementalist)    Turns: 2220, Time: 00:04:29

Health: -2/24      AC:  5    Str: 11    XL:     4   Next: 69%
Magic:  4/8        EV: 11    Int: 17    God:
Gold:   120        SH:  0    Dex: 10    Spells: 5/9 levels left

rFire   . . .      SeeInvis .   f - +1 short sword (venom)
rCold   . . .      Faith    .   (no shield)
rNeg    + . .      Spirit   .   b - +0 robe
rPois   ∞          Reflect  .   (no helmet)
rElec   +          Harm     .   (no cloak)
rCorr   .          Rampage  .   (no gloves)
Will    .....                   (no boots)
Stlth   ++........              (no amulet)
HPRegen 0.08/turn               (no ring)
MPRegen 0.11/turn               (no ring)

@: no status effects
A: sickness immunity, AC +3, negative energy resistance 1, electricity
resistance, torment resistance 1, petrification resistance
a: no special abilities


You were on level 4 of the Dungeon.
You visited 1 branch of the dungeon, and saw 4 of its levels.

You collected 120 gold pieces.

Inventory:

Hand Weapons
 d - a +0 falchion
 f - a +1 short sword of venom (weapon)
 g - a +1 short sword of holy wrath
Missiles
 c - 31 stones
 e - 8 atropa-tipped darts
Armour
 b - a +0 robe (worn)
Potions
 a - 2 potions of curing {unknown}


   Skills:
 - Level 1.5 Dodging
 - Level 2.1 Stealth
 + Level 3.1 Spellcasting
 + Level 1.7 Conjurations
 - Level 0.7 Transmutations
 + Level 4.9 Earth Magic


You had 5 spell levels left.
You knew the following spells:

 Your Spells              Type           Power      Damage    Failure   Level
a - Sandblast             Erth           38%        2d10      2%          1
b - Stone Arrow           Conj/Erth      28%        3d8       13%         3

Your spell library contained the following spells:

 Spells                   Type           Power      Damage    Failure   Level
 Passwall                 Tmut/Erth      10%        N/A       9%          2
 Petrify                  Tmut/Erth      12%        N/A       47%         4


Dungeon Overview and Level Annotations

Branches:
Dungeon (3/15)             Temple (0/1) D:4

Altars:

Annotations:
D:4 Menkaure


Innate Abilities, Weirdness & Mutations

You are immune to sickness and miasma.
Your stone body is resilient. (AC +3)
You are immune to poison.
You resist negative energy. (rN+)
You are resistant to electric shocks. (rElec)
You are resistant to unholy torment.
You are immune to petrification.


Message History

The kobold shouts!
An adder comes into view.
Casting: Sandblast (safe; 2% risk of failure)
Confirm with . or Enter, or press ? or * to list all spells.
Aiming: Sandblast (safe; 2% risk of failure)
Press: ? - help, Shift-Dir - straight line, f - jelly
Aim: a jelly (100% to hit)
The blast of sand hits the jelly!
The jelly is heavily wounded.
The jelly barely misses you.
Unknown command.
Casting: Sandblast (safe; 2% risk of failure)
Confirm with . or Enter, or press ? or * to list all spells.
Aiming: Sandblast (safe; 2% risk of failure)
Press: ? - help, Shift-Dir - straight line, f/p - jelly
Aim: a jelly (heavily wounded, 100% to hit)
The blast of sand hits the jelly!
You kill the jelly!
Casting: Sandblast (safe; 2% risk of failure)
Confirm with . or Enter, or press ? or * to list all spells.
Aiming: Sandblast (safe; 2% risk of failure)
Press: ? - help, Shift-Dir - straight line, f - kobold
Aim: a kobold, wielding a +0 club (74% to hit)
The blast of sand hits the kobold.
You kill the kobold!
Menkaure whispers, "Let me perform the rites..."
Casting: Sandblast (safe; 2% risk of failure)
Confirm with . or Enter, or press ? or * to list all spells.
Aiming: Sandblast (safe; 2% risk of failure)
Press: ? - help, Shift-Dir - straight line, f - Menkaure
Aim: Menkaure (fast, 90% to hit)
The blast of sand hits Menkaure.
Menkaure is moderately damaged.
Menkaure's bandages flutter.
Menkaure hits you!!
Ouch! That really hurt!
* * * LOW HITPOINT WARNING * * *
Menkaure gestures at you while chanting.
Pain shoots through your body!
You die...

#...oW..###...
####.........#.#..
###..##.##...#.###
....##..##..##...###
###.##......#.......
.....##....##..>..#
.S......o#..[.....#
#....##..SW###...#
#...###......###@#
....###........#M#.#...
.M..##.........WJ.......
###.###.......o.#....#..
...................#
##........##......#
....................
...).........#........
.#.#.................##


You could see a phantom, Menkaure (fast), an orc and an endoplasm.

Vanquished Creatures
  A jelly (D:4)
  2 adders
  A worm (D:2)
  A dart slug (D:3)
  2 orcs
  4 ball pythons
  2 endoplasms (D:1)
  2 giant cockroaches (D:1)
  3 goblins
  2 hobgoblins
  2 quokkas (D:1)
  6 bats
  A frilled lizard (D:2)
  7 kobolds
  5 rats
41 creatures vanquished.

Notes
Turn   | Place    | Note
-------+----------+-------------------------------------------
     0 | D:1      | djcjnce the Gargoyle Earth Elementalist began the quest for
                  | the Orb.
     0 | D:1      | Reached XP level 1. HP: 10/10 MP: 3/3
   131 | D:1      | Reached XP level 2. HP: 5/15 MP: 3/5
   343 | D:1      | Reached skill level 4 in Earth Magic
   687 | D:1      | Found a faded altar of an unknown god.
   963 | D:2      | Reached XP level 3. HP: 19/19 MP: 4/6
   967 | D:2      | Learned a level 3 spell: Stone Arrow
  1775 | D:3      | Reached skill level 1 in Conjurations
  1780 | D:3      | Reached XP level 4. HP: 9/24 MP: 1/8
  2192 | D:3      | You fall into a shaft and drop 1 floor!
  2192 | D:4      | Noticed a phantom
  2198 | D:4      | Noticed Menkaure
  2211 | D:4      | Found a staircase to the Ecumenical Temple.
  2220 | D:4      | Killed from afar by Menkaure

Illustrated notes

Levels and vault maps discovered:
D:1:      wander_arrival_peaceful_grave, layout_rooms,
          chequers_ecumenical_altar_island, kennysheep_boxes
D:2:      layout_rooms
D:3:      layout_rooms, serial_shops, shop
D:4:      layout_cave_pools, minmay_temple_entry_slanted, minmay_snake_closets,
          uniq_menkaure, uniq_ijyb

Skill      XL: |  1  2  3 |
---------------+----------+-----
Earth Magic    | 4 |  4.9
Conjurations   | 1 |  1.7
Spellcasting   | 3 |  3.1
Dodging        | |  1.5
Stealth        | |  2.1
Transmutations | |  0.7

Action                   |  1- 3 |  4- 6 || total
-------------------------+-------+-------++-------
Melee: Falchion          |    72 |       ||    72
       Short sword       |    40 |     4 ||    44
 Cast: Sandblast         |    16 |     5 ||    21
  Use: Scroll            |     6 |     1 ||     7
 Stab: Sleeping          |    10 |       ||    10
Armor: Robe              |    61 |     1 ||    62
Dodge: Dodged            |    83 |     7 ||    90

Table legend: (Time is in decaauts)
 A = Elapsed time spent in this place.
 B = Non-inter-level travel time spent in this place.
 C = Inter-level travel time spent in this place.
 D = Time resting spent in this place.
 E = Time spent auto-exploring this place.
 F = Levels seen in this place.
 G = Mean time per level.
                   A        B        C        D        E       F      G
               +--------+--------+--------+--------+--------+-----+--------+
         Total |   2253 |   2200 |     53 |      0 |   1766 |   4 |  563.2 |
       Dungeon |   2253 |   2200 |     53 |      0 |   1766 |   4 |  563.2 |
               +--------+--------+--------+--------+--------+-----+--------+

Top non-repeatable levels by time:
     D:1: 948 daAuts
     D:2: 823 daAuts
     D:3: 453 daAuts
     D:4: 27 daAuts
